 Dungeon Crawl Stone Soup version 0.30-a0-918-g0ff054e9dc (webtiles) character file.

Game seed: 17954319101543596856

121 Pimp the Trooper (level 4, 0/36 HPs)
             Began as a Demonspawn Fighter on Mar 20, 2023.
             Succumbed to an orc wizard's poison
             ... on level 3 of the Dungeon.
             The game lasted 00:06:12 (2102 turns).

Pimp the Trooper (Demonspawn Fighter)               Turns: 2102, Time: 00:06:12

Health: 0/36       AC: 16    Str: 19    XL:     4   Next: 77%
Magic:  4/4        EV:  7    Int:  9    God:
Gold:   224        SH:  4    Dex: 12    Spells: 3/3 levels left

rFire   . . .      SeeInvis .    a - +2 war axe
rCold   . . .      Faith    .    c - +0 buckler
rNeg    . . .      Spirit   .    f - +0 chain mail
rPois   .          Reflect  .    n - +1 helmet
rElec   .          Rampage  .    (no cloak)
rCorr   .                        h - +2 pair of gloves
Will    .....                    (no boots) Stlth
                                 (no amulet)
HPRegen 0.26/turn                (no ring)
MPRegen 0.09/turn                (no ring)

@: mighty, brilliant, lethally poisoned (0 -> -13), hasted, very quick
A: icy blue scales 1, weakness stinger 1
a: no special abilities


You were on level 3 of the Dungeon.
You visited 1 branch of the dungeon, and saw 3 of its levels.

You collected 224 gold pieces.

Inventory:

Hand Weapons
 a - a +2 war axe (weapon)
Armour
 b - a +0 scale mail
 c - a +0 buckler (worn)
 f - a +0 chain mail (worn)
 h - a +2 pair of gloves (worn)
 n - a +1 helmet (worn)
Magical Staves
 m - a staff of conjuration
Scrolls
 l - 2 scrolls of teleportation
Potions
 e - a potion of magic {unknown}
 g - a potion of curing {unknown}
 i - a potion of degeneration {unknown}
 j - 2 potions of haste
 o - a potion of mutation {unknown}
 q - a potion of berserk rage {unknown}
 s - a potion of lignification {unknown}


   Skills:
 + Level 3.6 Fighting
 + Level 2.6 Axes
 + Level 3.3 Armour
 + Level 1.2 Dodging
 + Level 3.3 Shields


You had 3 spell levels left.
You didn't know any spells.
Your spell library contained the following spells:

 Spells                   Type           Power      Damage    Failure   Level
 Apportation              Tloc           0%         N/A       99%         1
 Magic Dart               Conj           0%         1d3       99%         1
 Summon Small Mammal      Summ           0%         N/A       99%         1
 Call Imp                 Summ           0%         N/A       100%        2
 Call Canine Familiar     Summ           0%         N/A       100%        3
 Mephitic Cloud           Conj/Pois/Air  0%         N/A       100%        3
 Summon Guardian Golem    Hex/Summ       0%         N/A       100%        3
 Tukima's Dance           Hex            0%         N/A       100%        3
 Passage of Golubria      Tloc           0%         N/A       100%        4
 Yara's Violent Unravell  Hex/Tmut       0%         3d3       100%        5


Dungeon Overview and Level Annotations

Branches:
Dungeon (3/15)

Altars:
Sif Muna
Trog

Annotations:
D:3 Grinder


Innate Abilities, Weirdness & Mutations

You are partially covered in icy blue scales. (AC +2)
You have a small tail.


Message History

You hear a shout!
You slash Grinder!
Grinder is moderately wounded.
Grinder hits you!
You writhe in agony.
You slash Grinder!
Grinder is heavily wounded.
Grinder hits you.
You writhe in agony.
You barely miss Grinder. You tail-slap Grinder!
Grinder is severely wounded.
You block Grinder's attack.
You barely miss Grinder.
Grinder is severely wounded.
Grinder blinks!
Something hits you but does no damage.
You are poisoned.
You feel sick. Grinder barely misses you.
You slash Grinder!
Grinder is almost dead.
You closely miss something.
You feel sick. Grinder gestures at you. Pain shoots through your body!
* * * LOW HITPOINT WARNING * * *
Something hits you but does no damage.
You are lethally poisoned!
You barely miss Grinder.
Grinder is almost dead.
You miss something. You barely miss the orc.
* * * LOW HITPOINT WARNING * * *
You feel very sick. Grinder hits you but does no damage.
Something hits you but does no damage.
You are more poisoned.
The orc hits you but does no damage.
It was a potion of brilliance.
You feel clever all of a sudden.
* * * LOW HITPOINT WARNING * * *
You feel very sick.
As you read the scroll labelled ULOGEPROURPH, it crumbles to dust.
You assume a fearsome visage.
Grinder looks frightened!
The orc looks frightened! x3; It was a scroll of fear.
You die...

.#.........>+..##....##..........
.#..........#####_).##...........
.#............ #..###......#...#
....).......## ####.#..........#
............# ...#.###'#.....
.......#'###########.#.##........
.#+###..................'........
...............5.......##...#....
...####.......oo@.......#####...#
..............o.........#........
.....####...............#........
.........#..............#........
.........#..............#........
.........#..............#........
.........+......[.......#........
.........#..............#........
......#..........................


You could see Grinder (fleeing) and 3 orcs.

Vanquished Creatures
  Terence (D:2)
  A gnoll (D:3)
  4 adders
  A white imp (D:3)
  A worm (D:2)
  2 dart slugs
  4 ball pythons
  4 endoplasms
  2 giant cockroaches
  A goblin (D:2)
  3 hobgoblins
  4 kobolds
  5 quokkas
  A bat (D:1)
  5 frilled lizards
  A rat (D:2)
  A toadstool (D:1)
41 creatures vanquished.

Vanquished Creatures (others)
  A fungus (D:1)
  3 toadstools (D:1)
4 creatures vanquished.

Grand Total: 45 creatures vanquished

Notes
Turn   | Place    | Note
-------+----------+-------------------------------------------
     0 | D:1      | Pimp the Demonspawn Fighter began the quest for the Orb.
     0 | D:1      | Reached XP level 1. HP: 18/18 MP: 1/1
   164 | D:1      | Gained mutation: You have a small tail. [demonic ancestry]
   164 | D:1      | Reached XP level 2. HP: 16/24 MP: 2/2
   643 | D:2      | Gained mutation: You are partially covered in icy blue
                  | scales. (AC +2) [demonic ancestry]
   643 | D:2      | Reached XP level 3. HP: 15/29 MP: 3/3
   779 | D:2      | Noticed Terence
   797 | D:2      | Killed Terence
   798 | D:2      | Reached skill level 1 in Dodging
   798 | D:2      | Reached XP level 4. HP: 33/35 MP: 4/4
  1587 | D:3      | Noticed Grinder
  1591 | D:3      | Found a bloodstained altar of Trog.
  1616 | D:3      | Found a shimmering blue altar of Sif Muna.
  1620 | D:3      | Got Sif Muna's Book of the Singularity
  2102 | D:3      | Succumbed to an orc wizard's poison

Illustrated notes

Levels and vault maps discovered:
D:1:      nzn_arrival_crosshair, layout_rooms, minmay_gold_behind_fungi,
          corexii_corridor_pit
D:2:      layout_basic, nicolae_kite_square_tiling_tiny, uniq_terence
D:3:      layout_basic, nzn_overflow_gifts_of_might_and_magic, uniq_grinder

Skill      XL: |  1  2  3 |
---------------+----------+-----
Axes           | 2 |  2.6
Shields        | 3 |  3.3
Armour         | 3 |  3.3
Dodging        | 1 |  1.2
Fighting       | |  3.6

Action                     |  1- 3 |  4- 6 || total
---------------------------+-------+-------++-------
  Melee: War axe           |    94 |    55 ||   149
         Tailslap          |     6 |     8 ||    14
    Use: Scroll            |     3 |     6 ||     9
         Potion            |       |     3 ||     3
 Armour: Scale mail        |    69 |       ||    69
         Chain mail        |       |    33 ||    33
  Dodge: Dodged            |    55 |    16 ||    71
  Block: Buckler           |    18 |    15 ||    33

Table legend: (Time is in decaauts)
 A = Elapsed time spent in this place.
 B = Non-inter-level travel time spent in this place.
 C = Inter-level travel time spent in this place.
 D = Time resting spent in this place.
 E = Time spent auto-exploring this place.
 F = Levels seen in this place.
 G = Mean time per level.
                   A        B        C        D        E       F      G
               +--------+--------+--------+--------+--------+-----+--------+
         Total |   2161 |   2089 |     72 |    226 |   1329 |   3 |  720.3 |
       Dungeon |   2161 |   2089 |     72 |    226 |   1329 |   3 |  720.3 |
               +--------+--------+--------+--------+--------+-----+--------+

Top non-repeatable levels by time:
     D:2: 1006 daAuts
     D:1: 614 daAuts
     D:3: 541 daAuts
